 Dungeon Sprint DCSS version 0.30-a0-1008-g30c9307041 (webtiles) character file.

Game seed: 6960800221430709455

2700000 PLAYERX the Axe Maniac (level 16, -1/183 HPs)
             Began as a Minotaur Monk on Apr 5, 2023.
             Was a High Priest of Makhleb.
             Slain by a large bag of meat
             ... wielding a +9 giant spiked club
              (114 damage)
             ... in the Dungeon (Sprint VIII: "Arena of Blood").
             The game lasted 00:03:52 (27 turns).

PLAYERX the Axe Maniac (Minotaur Monk)                Turns: 27, Time: 00:03:52

Health: -1/183     AC:  3    Str: 25    XL:     16   Next: 98%
Magic:  15/32      EV: 24    Int:  7    God:    Makhleb [*****.]
Gold:   0          SH:  0    Dex: 12    Spells: 15/15 levels left

rFire   . . .      SeeInvis .    a - +∞ Axe of Woe
rCold   . . .      Faith    .    (shield currently unavailable)
rNeg    . . .      Spirit   .    b - +0 robe
rPois   .          Reflect  .    (helmet restricted)
rElec   .          Rampage  .    (no cloak)
rCorr   .          NoTele   +    (no gloves)
Will    +....                    (no boots)
Stlth   +++++++                  (no amulet)
HPRegen 0.50/turn                (no ring)
MPRegen 0.23/turn                (no ring)

@: no status effects
A: horns 2, retaliatory headbutt
a: Renounce Religion, Minor Destruction, Lesser Servant of Makhleb, Major
Destruction, Greater Servant of Makhleb


You were in the Dungeon.
You worshipped Makhleb.
Makhleb was extremely pleased with you.
You visited 1 branch

Inventory:

Hand Weapons
 a - the +∞ Axe of Woe (weapon)
   (You found it in the Dungeon)
Armour
 b - a +0 robe (worn)
Jewellery
 j - a +30 ring of slaying
 k - a +30 ring of slaying
Scrolls
 i - a scroll of blinking
Potions
 c - a potion of ambrosia
 d - a potion of curing
 f - a potion of haste
 g - 2 potions of magic
 h - a potion of berserk rage


   Skills:
 O Level 27 Fighting
 O Level 27 Axes
 + Level 19.0 Armour
 O Level 27 Dodging
 + Level 18.7 Stealth
 O Level 27 Invocations


You had 15 spell levels left.
You didn't know any spells.
Your spell library was empty.

Dungeon Overview and Level Annotations

Branches:
Dungeon (1/1)

Altars:
Makhleb


Innate Abilities, Weirdness & Mutations

You have a pair of horns on your head.
You reflexively headbutt those who attack you in melee.


Message History

Your neqoxec disappears in a puff of smoke!
You hear a shout!
Items here: ))) === †††.
j - a +30 ring of slaying;
k - a +30 ring of slaying You hear a shout! x7
The bag of meat hits you with a +9 war axe!!!
Your hellwing hits the meat berserker. x2
A bag of meat comes into view. It is wielding a +9 war axe.
The meat berserker hits you with a +9 battleaxe!!!!
You hear a shout!
The meat berserker hits your hellwing with a +9 battleaxe!!!
You hear a shout! x4; The bag of meat shouts!
You slash the meat berserker!
You slaughter the meat berserker joyfully.
You kill the meat berserker!
Makhleb accepts your kill.
You hit the bag of meat.
You pulverise the bag of meat into a thin bloody mist.
You kill the bag of meat!
Makhleb accepts your kill.
You feel better.
You hear a shout! x4
Your hellwing hits the meat berserker! Your hellwing hits the meat berserker.
You hear a shout! x2
A destroyer comes into view. It is wielding a +9 heavy great sword.
You hear a shout! x4
Your Armour skill gained 8 levels and is now at level 19!
Your Stealth skill gained 4 levels and is now at level 18!
You feel much better.
The large bag of meat appears out of thin air!
A large bag of meat comes into view. It is wielding a +9 giant spiked club.
The large bag of meat shouts in stereo!
The meat berserker hits your hellwing with a +9 battleaxe!
Your hellwing dies!
Your hellwing disappears in a puff of smoke!
You hear a shout! x6
The large bag of meat completely misses you.
The large bag of meat hits you with a +9 giant spiked club!!!!
Ouch! That really hurt!
You die...

.... ....... ..
..... #. ....#
#.. .oo# ..
.###.. .V.###...
......###oo......
....O§_@Oo......
...#..)..#.....
#_)<)_# ...
#..)).# .
......_.....
.....O###......
.###.. ...###..
#.. ...# . #.
...#


You could see a destroyer, 2 large bags of meat, a meat berserker (berserk,
unaware) and 5 bags of meat.

Vanquished Creatures
  6 ogres (D)
  10 orcs (D)
16 creatures vanquished.

Notes
Turn   | Place    | Note
-------+----------+-------------------------------------------
     0 | D        | Found the +∞ Axe of Woe
     0 | D        | PLAYERX the Minotaur Monk began the quest for the Orb.
     0 | D        | Reached XP level 1. HP: 19/19 MP: 0/0
     1 | D        | Noticed a bag of meat
     3 | D        | Noticed a meat berserker
     3 | D        | Killed a meat berserker
     3 | D        | Noticed a bag of meat
     4 | D        | Reached XP level 2. HP: 57/57 MP: 1/1
     4 | D        | Reached XP level 3. HP: 64/64 MP: 2/2
     4 | D        | Reached XP level 4. HP: 72/72 MP: 3/3
     4 | D        | Reached XP level 5. HP: 80/80 MP: 4/4
     4 | D        | Reached XP level 6. HP: 88/88 MP: 5/5
     4 | D        | Reached XP level 7. HP: 95/95 MP: 6/6
     4 | D        | Reached XP level 8. HP: 103/103 MP: 7/7
     4 | D        | Reached XP level 9. HP: 111/111 MP: 8/8
     4 | D        | Reached XP level 10. HP: 118/118 MP: 9/9
     4 | D        | Reached XP level 11. HP: 126/126 MP: 10/10
     6 | D        | Became a worshipper of Makhleb the Destroyer
     6 | D        | Reached * piety under Makhleb
     6 | D        | Reached ** piety under Makhleb
     7 | D        | Noticed a meat berserker
     7 | D        | Noticed a bag of meat
     9 | D        | Killed a meat berserker
     9 | D        | Killed a bag of meat
    10 | D        | Reached XP level 12. HP: 144/144 MP: 11/11
    10 | D        | Reached XP level 13. HP: 151/151 MP: 12/12
    10 | D        | Noticed a bag of meat
    10 | D        | Noticed a meat berserker
    10 | D        | Noticed a bag of meat
    11 | D        | Noticed a meat berserker
    11 | D        | Killed a bag of meat
    12 | D        | Noticed a bag of meat
    13 | D        | Killed a bag of meat
    13 | D        | Reached *** piety under Makhleb
    14 | D        | Reached XP level 14. HP: 165/165 MP: 13/13
    14 | D        | Noticed a bag of meat
    14 | D        | Killed a bag of meat
    14 | D        | Killed a meat berserker
    15 | D        | Reached skill level 27 in Fighting
    15 | D        | Reached skill level 27 in Axes
    15 | D        | Reached skill level 27 in Dodging
    15 | D        | Noticed a bag of meat
    15 | D        | Noticed a meat berserker
    16 | D        | Noticed a bag of meat
    16 | D        | Killed a meat berserker
    16 | D        | Reached **** piety under Makhleb
    16 | D        | Killed a bag of meat
    17 | D        | Reached XP level 15. HP: 138/174 MP: 13/27
    18 | D        | Noticed a meat berserker
    20 | D        | Noticed a meat berserker
    21 | D        | Killed a meat berserker
    22 | D        | Reached XP level 16. HP: 127/183 MP: 13/31
    22 | D        | Noticed a large bag of meat
    23 | D        | Reached ***** piety under Makhleb
    24 | D        | Reached skill level 27 in Invocations
    26 | D        | Killed a meat berserker
    26 | D        | Noticed a destroyer
    27 | D        | Noticed a large bag of meat
    27 | D        | Slain by a large bag of meat

Illustrated notes

Levels and vault maps discovered:
D:        meatsprint

Skill      XL: |  1  2  3  4  5  6  7  8  9 10 11 12 13 14 15 16 |
---------------+-------------------------------------------------+-----
Fighting       | 20 24 26 27 | 27.0
Axes           | 20 24 26 27 | 27.0
Dodging        | 18 21 23 27 | 27.0
Stealth        | 6 7 8 12 18 | 18.7
Invocations    | 18 24 27 | 27.0
Armour         | 19 | 19.0

Action                     |  1- 3 |  4- 6 |  7- 9 | 10-12 | 13-15 | 16-18 || total
---------------------------+-------+-------+-------+-------+-------+-------++-------
  Melee: Executioner's axe |     1 |       |       |     1 |     6 |     3 ||    11
 Invoke: Lesser Servant of |       |       |       |       |     3 |       ||     3
    Use: Potion            |       |       |       |       |       |     1 ||     1
  Dodge: Dodged            |       |       |       |       |       |     1 ||     1

Table legend: (Time is in decaauts)
 A = Elapsed time spent in this place.
 B = Non-inter-level travel time spent in this place.
 C = Inter-level travel time spent in this place.
 D = Time resting spent in this place.
 E = Time spent auto-exploring this place.
 F = Levels seen in this place.
 G = Mean time per level.
                   A        B        C        D        E       F      G
               +--------+--------+--------+--------+--------+-----+--------+
         Total |     24 |     24 |      0 |      0 |      0 |   1 |   24.0 |
       Dungeon |     24 |     24 |      0 |      0 |      0 |   1 |   24.0 |
               +--------+--------+--------+--------+--------+-----+--------+

Top non-repeatable levels by time:
       D: 24 daAuts
